 Dungeon Crawl Stone Soup version 0.30-a0-1066-g63dfefce0d (webtiles) character file.

Game seed: 2191616823115198979

232 PimpSugar the Ducker (level 6, -3/34 (40) HPs)
             Began as a Djinni Hedge Wizard on Apr 12, 2023.
             Slain by Grinder the red devil (7 damage)
             ... on level 4 of the Dungeon.
             The game lasted 00:09:48 (3290 turns).

PimpSugar the Ducker (Djinni Hedge Wizard)          Turns: 3290, Time: 00:09:48

HP:   -3/34 (40)    AC:  3    Str:  8 (9)  XL:     6   Next: 25%
Gold: 151           EV: 14    Int: 15 (18) God:
                    SH:  0    Dex: 10 (12)

rFire   + + .      SeeInvis .    g - staff of death
rCold   x . .      Faith    .    (no shield)
rNeg    + . .      Spirit   .    b - +0 robe
rPois   ∞          Reflect  .    c - +0 hat
rElec   .          Rampage  .    l - +0 cloak
rCorr   .                        (no gloves)
Will    .....                    (boots unavailable)
Stlth   +++                      (no amulet)
HPRegen 0.25/turn                (no ring)
MPRegen 0.00/turn                (no ring)

@: spiked, flying, heavily drained
A: sickness immunity, fire resistance 2, cold vulnerability 1, float, innate
caster, HP casting, extra vitality 1
a: no special abilities


You were on level 4 of the Dungeon.
You visited 1 branch of the dungeon, and saw 4 of its levels.

You collected 151 gold pieces.

Inventory:

Hand Weapons
 a - a +0 dagger
 e - a +0 sling
 s - a +1 mace of draining
Missiles
 f - 24 stones
Armour
 b - a +0 robe (worn)
 c - a +0 hat (worn)
 l - a +0 cloak (worn)
Magical Staves
 g - a staff of death (weapon)
Wands
 o - a wand of polymorph (7)
Scrolls
 d - 2 scrolls of blinking {unknown}
 h - a scroll of silence {unknown}
 i - 3 scrolls of identify {unknown}
 j - a scroll of immolation {unknown}
 k - a scroll of amnesia {unknown}
 n - a scroll of enchant armour {unknown}
Potions
 p - a potion of curing {unknown}
 q - a potion of cancellation {unknown}
 r - a potion of degeneration


   Skills:
 + Level 7.5 Dodging
 + Level 6.2 Stealth
 + Level 7.3 Spellcasting


You knew the following spells:

 Your Spells              Type           Power      Damage    Failure   Level
a - Magic Dart            Conj           100%       1d8       1%          1
b - Call Imp              Summ           54%        N/A       1%          2
c - Mephitic Cloud        Conj/Pois/Air  27%        N/A       1%          3
d - Slow                  Hex            100%       N/A       1%          1
e - Blink                 Tloc           54%        N/A       1%          2
f - Kiss of Death         Conj/Necr      100%       2d13      1%          1
g - Passwall              Tmut/Erth      22%        N/A       1%          2
Your spell library was empty.

Dungeon Overview and Level Annotations

Branches:
Dungeon (4/15)
 Temple: D:4-7

Altars:
Hepliaklqana
Uskayaw

Annotations:
D:4 Grinder


Innate Abilities, Weirdness & Mutations

You are immune to sickness and miasma.
You are immune to poison.
Your flesh is very heat resistant. (rF++)
You are vulnerable to cold. (rC-)
You float through the air rather than walking.
You learn spells naturally, not from books.
Your magical power is your life essence.
You have superior vitality. (+4 MHP)


Message History

Grinder completely misses you.
Your cerulean imp hits Grinder but does no damage.
Aiming: Magic Dart (safe; 4% risk of failure)
Press: ? - help, Q - select action, (/) - cycle Shift-Dir - straight line, f/p - Grinder
Aim: Grinder the red devil (ally target, 100% to hit)
Okay, then.
Casting: Magic Dart (safe; 4% risk of failure)
Confirm with . or Enter, or press ? or * to list all spells.
You can't see any susceptible monsters within range! (Use Z to cast anyway.) Unknown command.
Casting: Magic Dart (safe; 4% risk of failure)
Confirm with . or Enter, or press ? or * to list all spells.
You can't see any susceptible monsters within range! (Use Z to cast anyway.) Unknown command.
Your cerulean imp hits Grinder but does no damage.
Your cerulean imp closely misses Grinder.
Casting: Magic Dart (safe; 4% risk of failure)
Confirm with . or Enter, or press ? or * to list all spells.
Aiming: Magic Dart (safe; 4% risk of failure)
Press: ? - help, Shift-Dir - straight line, f/p - Grinder
Aim: Grinder the red devil (ally target, 100% to hit)
The magic dart hits Grinder.
Grinder is lightly wounded.
Grinder hits you!
* * * LOW HITPOINT WARNING * * *
Barbed spikes become lodged in your body.
It was a potion of degeneration.
There was something very wrong with that liquid.
You feel weakened.
You feel dopey.
You feel clumsy.
Your cerulean imp hits Grinder from afar with a -2 spear.
Grinder barely misses you.
It was a potion of experience.
You feel more experienced!
Your Dodging skill gained 4 levels and is now at level 7!
Your Stealth skill gained 4 levels and is now at level 6!
Your Spellcasting skill gained 4 levels and is now at level 7!
You have reached level 6!
Your cerulean imp hits Grinder but does no damage.
Grinder hits you!
You die...

......# ####
....$... ...
#.#)...###.#
###.#.....##.##
.............##
##.[...)......#
#...#.........#
#.............#
.#.@4.5..<..##
##......####
........#.#
#.####.....# #
####..# #..#
...# ...#


You could see Grinder the red devil (ally target) and a friendly cerulean imp
(summoned).

Vanquished Creatures
  4 gnolls (D:2)
  4 adders
  An orc (D:3)
  5 bats
  3 endoplasms
  3 giant cockroaches
  4 hobgoblins
  2 kobolds
  3 ball pythons (D:2)
  2 frilled lizards
  4 goblins
  5 rats
40 creatures vanquished.

Vanquished Creatures (collateral kills)
  A worm (D:2)
  2 orcs (D:3)
  A hobgoblin (D:2)
4 creatures vanquished.

Grand Total: 44 creatures vanquished

Notes
Turn   | Place    | Note
-------+----------+-------------------------------------------
     0 | D:1      | PimpSugar the Djinni Hedge Wizard began the quest for the
                  | Orb.
     0 | D:1      | PimpSugar set off with the following spells memorised:
                  | Magic Dart, Slow, Blink, Call Imp, Mephitic Cloud.
     0 | D:1      | Reached XP level 1. HP: 15/15 MP: 0/0
   246 | D:1      | Reached XP level 2. HP: 21/21 MP: 0/0
  1088 | D:2      | Reached XP level 3. HP: 19/25 MP: 0/0
  1088 | D:2      | Learned a level 1 spell: Kiss of Death
  1106 | D:2      | Reached XP level 4. HP: 7/31 MP: 0/0
  2214 | D:3      | Reached XP level 5. HP: 24/35 MP: 0/0
  2214 | D:3      | Learned a level 2 spell: Passwall
  2304 | D:3      | Found a hazy altar of Hepliaklqana.
  2317 | D:3      | Found a hide-covered altar of Uskayaw.
  3258 | D:4      | Noticed Grinder
  3272 | D:4      | Paralysed by Grinder for 2 turns
  3275 | D:4      | Grinder changed into Grinder the red devil
  3275 | D:4      | Noticed Grinder
  3290 | D:4      | Reached XP level 6. HP: 3/34 MP: 0/0
  3290 | D:4      | Slain by Grinder the red devil

Illustrated notes

Levels and vault maps discovered:
D:1:      lemuel_arrival_broad_hall, layout_basic, serial_aquarium,
          aquarium_bridge_square [aquarium_subvault_bridge,
          aquarium_subvault_balcony, aquarium_subvault_window,
          aquarium_subvault_bridge], aquarium_window_fake, aquarium_window_fake,
          aquarium_view_2d
D:2:      layout_loops_corners
D:3:      layout_basic, mainiacjoe_overflow_small_starburst,
          nzn_hepliaklqana_mist_gate, serial_glass, glass_columns_a,
          glass_columns_a, chequers_serial_rivers_room_b,
          chequers_serial_rivers_micro_a
D:4:      layout_loops_ring, lemuel_coloured_pillars_altar, uniq_menkaure,
          uniq_grinder

Skill      XL: |  1  2  3  4  5 |
---------------+----------------+-----
Stealth        | 2 6 |  6.2
Dodging        | 3 7 |  7.5
Spellcasting   | 3 7 |  7.3

Action                     |  1- 3 |  4- 6 || total
---------------------------+-------+-------++-------
  Melee: Dagger            |     1 |       ||     1
         Staff             |       |    89 ||    89
         Punch             |       |     1 ||     1
   Fire: Sling             |    20 |     1 ||    21
   Cast: Magic Dart        |    20 |    31 ||    51
         Slow              |     4 |    11 ||    15
         Call Imp          |     4 |     6 ||    10
         Mephitic Cloud    |     2 |       ||     2
         Passwall          |       |    17 ||    17
         Kiss of Death     |       |     1 ||     1
  Evoke: Wand              |       |     2 ||     2
    Use: Potion            |     2 |     2 ||     4
   Stab: Sleeping          |       |     3 ||     3
 Armour: Robe              |       |    26 ||    26
  Dodge: Dodged            |    18 |    96 ||   114

Table legend: (Time is in decaauts)
 A = Elapsed time spent in this place.
 B = Non-inter-level travel time spent in this place.
 C = Inter-level travel time spent in this place.
 D = Time resting spent in this place.
 E = Time spent auto-exploring this place.
 F = Levels seen in this place.
 G = Mean time per level.
                   A        B        C        D        E       F      G
               +--------+--------+--------+--------+--------+-----+--------+
         Total |   3314 |   3014 |    300 |    102 |   2276 |   4 |  828.5 |
       Dungeon |   3314 |   3014 |    300 |    102 |   2276 |   4 |  828.5 |
               +--------+--------+--------+--------+--------+-----+--------+

Top non-repeatable levels by time:
     D:2: 1156 daAuts
     D:3: 1116 daAuts
     D:1: 1004 daAuts
     D:4: 36 daAuts
